 Dungeon Crawl Stone Soup version 0.25-a0-975-gcae8493d64 (webtiles) character file.

Game seed: 13465890195637749885, levelgen mode: deterministic

216 Esekla the Conjurer (level 5, -12/45 HPs)
             Began as a Naga Conjurer on May 9, 2020.
             Was a Follower of the Shining One.
             Mangled by Duvessa
             ... wielding a +0 short sword
              (14 damage)
             ... on level 4 of the Dungeon.
             The game lasted 00:27:53 (2997 turns).

Esekla the Conjurer (Naga Conjurer)                 Turns: 2997, Time: 00:27:53

Health: -12/45     AC:  2    Str: 10    XL:     5   Next: 93%
Magic:  14/17      EV: 10    Int: 16    God:    the Shining One [*.....]
Gold:   154        SH:  0    Dex: 12    Spells: 2/9 levels left

rFire    . . .     SeeInvis +   d - +3 dagger (venom)
rCold    . . .     Gourm    .   (no shield)
rNeg     . . .     Faith    .   a - +0 robe
rPois    +         Spirit   .   (no helmet)
rElec    .         Reflect  .   l - scarf {cloud immunity}
rCorr    .         Harm     .   (no gloves)
MR       .....                  (no barding)
Stlth    +.........             (no amulet)
HPRegen  0.15/turn              v - ring of magical power
MPRegen  0.15/turn              (no ring)

@: glowing, very slow
A: large, see invisible, deformed body, poison resistance, slowness 2, slow
metabolism 1, spit poison 1, AC +1
a: Spit Poison, Renounce Religion


You were on level 4 of the Dungeon.
You worshipped the Shining One.
The Shining One was aware of your devotion.
You were not hungry.

You visited 1 branch of the dungeon, and saw 4 of its levels.

You collected 154 gold pieces.

Inventory:

Hand Weapons
 d - a +3 dagger of venom (weapon)
 u - a +1 spear of flaming
Missiles
 t - 7 boomerangs of dispersal (quivered)
Armour
 a - a +0 robe (worn)
 l - a scarf of cloud immunity (worn)
Jewellery
 v - a ring of magical power (left hand)
Wands
 n - a wand of enslavement (8)
Scrolls
 b - a scroll of teleportation
 e - 2 scrolls of blinking
 f - 2 scrolls of identify
 h - a scroll of magic mapping
 i - a scroll of amnesia {unknown}
 o - a scroll of enchant weapon
 p - a scroll of enchant armour {unknown}
 s - a scroll of remove curse
Potions
 g - a potion of flight
 j - a potion of invisibility
 k - a potion of magic
 m - a potion of lignification
 q - 4 potions of curing
 r - a potion of heal wounds {unknown}
 w - a potion of berserk rage {unknown}
Comestibles
 c - 6 rations


   Skills:
 * Level 1.7 Fighting
 * Level 1.2 Short Blades
 + Level 1.1 Polearms
 + Level 1.7 Dodging
 + Level 3.8 Stealth
 * Level 2.5 Spellcasting
 * Level 5.0 Conjurations
 * Level 1.3 Translocations
 * Level 1.4 Evocations


You had 2 spell levels left.
You knew the following spells:

 Your Spells              Type           Power        Failure   Level  Hunger
a - Magic Dart            Conj           ###.         2%          1    #......
b - Iskenderun's Mystic   Conj/Tloc      ##......     45%         4    #####..
e - Searing Ray           Conj           ###...       3%          2    ##.....

Your spell library contained the following spells:

 Spells                   Type           Power        Failure   Level  Hunger
 Dazzling Flash           Conj/Hex       ##....       22%         3    ###....
 Fulminant Prism          Conj/Hex       ##........   56%         4    #####..


Dungeon Overview and Level Annotations

Branches:
Dungeon (4/15)
 Temple: D:4-7

Altars:
Cheibriados
Ru
Uskayaw
The Shining One

Portals:
Sewer: D:4

Annotations:
D:4 Duvessa


Innate Abilities, Weirdness & Mutations

You cannot wear boots.
Your serpentine skin is tough. (AC +1)
You have supernaturally acute eyesight. (SInv)
Armour fits poorly on your strangely shaped body.
Your system is resistant to poisons. (rPois)
You cover ground very slowly.
You have a slow metabolism.
You can spit poison.


Message History

Duvessa closely misses you. Duvessa barely misses you.
Duvessa hits you with a +0 short sword. Duvessa hits you with a +0 short sword!
* * * LOW HITPOINT WARNING * * *
You feel better. Duvessa misses you.
Casting: Searing Ray (safe; 3% risk of failure)
Confirm with . or Enter, or press ? or * to list all spells.
Aiming: Searing Ray (safe; 3% risk of failure)
Press: ? - help, Shift-Dir - straight line, f - Duvessa
Aim: Duvessa, wielding a +0 short sword and wearing a +0 leather armour (moderately wounded, berserk, very poisoned, haloed)
The searing ray hits Duvessa.
Duvessa is moderately wounded. (Press . to maintain the ray.) Duvessa hits you with a +0 short sword!
* * * LOW HITPOINT WARNING * * *
Duvessa hits you but does no damage.
The searing ray hits Duvessa!
Duvessa is heavily wounded.
Duvessa hits you with a +0 short sword!
You die...

,,* #....#S∩≈#..#***,,,,,,,,*
,,*######.e..#Ss≈#..# *,,,,,,,,*
,,*..........#SS≈#..# *,.,,,,,,*
,**........#.##+##.#####..,,,,,,*
,,,........#..............,,*,,**
,**........#####†##)......,,*,,*
***##...........).........,,,,,**
#.#.#####.#####......=,,*,,,*
#,#.* #..e@.........,,,,*,* *,#,*
#.############*****,* *.#,* #.#
*,* #####.#,* #.# *,* ......#.#
#.# ######## *,, ........#* #.#
#......# **,
#........####.###....[.# *,
####...................# ** #
*.......######......# *


You could see Duvessa (berserk, very poisoned).

Vanquished Creatures
  Dowan (D:4)
  5 adders
  4 gnolls (D:3)
  3 oozes
  A worm (D:2)
  3 dart slugs
  4 leopard geckos
  4 bats
  3 giant cockroaches (D:2)
  8 goblins
  5 hobgoblins
  4 jackals (D:1)
  7 kobolds
  A quokka (D:3)
  4 frilled lizards
  3 rats
60 creatures vanquished.

Notes
Turn   | Place    | Note
-------+----------+-------------------------------------------
     0 | D:1      | Esekla the Naga Conjurer began the quest for the Orb.
     0 | D:1      | Reached XP level 1. HP: 15/15 MP: 3/3
   278 | D:2      | Reached XP level 2. HP: 20/24 MP: 0/5
   284 | D:2      | Learned a level 2 spell: Searing Ray
   575 | D:2      | Reached skill level 1 in Fighting
   611 | D:2      | Reached XP level 3. HP: 31/31 MP: 3/6
  1452 | D:2      | Found a snail-covered altar of Cheibriados.
  1528 | D:2      | Reached XP level 4. HP: 13/38 MP: 4/7
  1819 | D:2      | Found a sacrificial altar of Ru.
  1883 | D:2      | Learned a level 4 spell: Iskenderun's Mystic Blast
  2044 | D:3      | Found a faded altar of an unknown god.
  2047 | D:3      | Became a worshipper of the Shining One
  2047 | D:3      | Reached * piety under the Shining One
  2514 | D:3      | Reached skill level 5 in Conjurations
  2553 | D:3      | Reached skill level 1 in Polearms
  2553 | D:3      | Reached XP level 5. HP: 30/44 MP: 8/8
  2581 | D:3      | Reached skill level 1 in Evocations
  2588 | D:3      | Reached skill level 1 in Translocations
  2887 | D:4      | Found a hide-covered altar of Uskayaw.
  2887 | D:4      | Noticed a +0 hand axe
  2887 | D:4      | Noticed a +0 dagger
  2960 | D:4      | Noticed Dowan
  2961 | D:4      | Found a glowing drain.
  2961 | D:4      | Noticed Duvessa
  2973 | D:4      | Killed Dowan
  2973 | D:4      | Reached skill level 1 in Short Blades
  2996 | D:4      | HP: 2/45 [Duvessa/+0 short sword (13)]
  2997 | D:4      | Mangled by Duvessa

Illustrated notes

Levels and vault maps discovered:
D:1:      psy_arrival_spokes, layout_loops_cross, kennysheep_crisscross
D:2:      layout_rooms, kennysheep_slug_shrine, glass_columns_b,
          nicolae_ru_the_path_less_chosen
D:3:      cheibrodos_old_hovel, layout_loops_ring, first_ration,
          chequers_ecumenical_altar_grove
D:4:      layout_basic, dancing_weapons_uskayaw, gup_sewer_entry_glass,
          uniq_duvessa

Skill      XL: |  1  2  3  4  5 |
---------------+----------------+-----
Fighting       | 1 |  1.7
Conjurations   | 5 |  5.0
Polearms       | 1 |  1.1
Evocations     | 1 |  1.4
Translocations | 1 |  1.3
Short Blades   | 1 |  1.2
Dodging        | |  1.7
Stealth        | |  3.8
Spellcasting   | |  2.5

Action                   |  1- 3 |  4- 6 || total
-------------------------+-------+-------++-------
Melee: Spear             |    43 |     9 ||    52
       Dagger            |       |    44 ||    44
 Cast: Magic Dart        |     8 |     4 ||    12
       Searing Ray       |     8 |     6 ||    14
 Abil: Spit Poison       |     2 |     1 ||     3
  Use: Scroll            |     4 |     6 ||    10
       Potion            |       |     1 ||     1
 Stab: Sleeping          |     3 |     2 ||     5
  Eat: Chunk             |     1 |     5 ||     6
Armor: Robe              |    10 |    10 ||    20
Dodge: Dodged            |    25 |    35 ||    60

Table legend:
 A = Non-vault XP
 B = Vault XP
 C = Vault XP percentage of total XP
 D = Non-vault monster count
 E = Vault monster count
 F = Vault count percentage of total count
                 A         B        C        D         E       F
            +---------+---------+-------+---------+---------+-------
      Total |     234 |      75 |  24.3 |      57 |       3 |   5.0
            +---------+---------+-------+---------+---------+-------
        D:1 |      29 |       0 |   0.0 |      11 |       0 |   0.0
        D:2 |      68 |       4 |   5.6 |      17 |       1 |   5.6
        D:3 |     133 |       2 |   1.5 |      28 |       1 |   3.4
        D:4 |       4 |      69 |  94.5 |       1 |       1 |  50.0
            +---------+---------+-------+---------+---------+-------
